 Dungeon Crawl Stone Soup version 0.28-a0-1447-ga5a8893891 (webtiles) character file.

Game seed: 3749718100794182868

308 oldriver the Skirmisher (level 6, 0/51 HPs)
             Began as a Formicid Chaos Knight on Jan 11, 2022.
             Was a Plaything of Xom.
             Slain by a sixfirhy (9 damage)
             ... summoned by Xom
             ... on level 4 of the Dungeon.
             The game lasted 00:02:41 (3221 turns).

oldriver the Skirmisher (Formicid Chaos Knight)     Turns: 3221, Time: 00:02:44

Health: 0/51       AC:  7    Str: 20    XL:     6   Next: 68%
Magic:  6/6        EV: 12    Int: 12    God:    Xom [.*....]
Gold:   79         SH:  0    Dex: 10    Spells: 5/5 levels left

rFire   . . .      SeeInvis +   a - +0 hand axe (chaos)
rCold   . . .      Faith    .   (no shield)
rNeg    . . .      Spirit   .   b - +2 leather armour
rPois   .          Reflect  .   (helmet unavailable)
rElec   .          Harm     .   (no cloak)
rCorr   .          Rampage  .   (no gloves)
Will    .....                   (no boots)
Stlth   +.........              (no amulet)
HPRegen 0.17/turn               (no ring)
MPRegen 0.10/turn               (no ring)

@: no status effects
A: permanent stasis, dig shafts and tunnels, antennae 3, four strong arms,
iridescent scales 1, strong 1
a: Dig, Shaft Self, Renounce Religion


You were on level 4 of the Dungeon.
You worshipped Xom.
You were a plaything of Xom.
You visited 1 branch of the dungeon, and saw 4 of its levels.

You collected 79 gold pieces.

Inventory:

Hand Weapons
 a - a +0 hand axe of chaos (weapon)
 h - a +0 mace of protection
Armour
 b - a +2 leather armour (worn)
Jewellery
 g - a +4 ring of evasion
 j - a +6 ring of dexterity
Wands
 i - a wand of flame (13)
Scrolls
 c - 4 scrolls of identify {unknown}
 f - a scroll of magic mapping {unknown}
Potions
 d - 2 potions of heal wounds
 e - a potion of might


   Skills:
 + Level 5.1 Fighting
 + Level 4.6 Axes
 - Level 2.1 Armour
 + Level 3.3 Dodging


You had 5 spell levels left.
You didn't know any spells.
Your spell library was empty.

Dungeon Overview and Level Annotations

Branches:
Dungeon (4/15)
 Temple: D:4-7

Altars:
Fedhas
Qazlal
Trog


Innate Abilities, Weirdness & Mutations

You cannot be hasted, slowed, berserked, paralysed or teleported.
You can dig through walls and to a lower floor.
You have a pair of large antennae on your head. (SInv)
Your four strong arms can wield two-handed weapons with a shield.
You are partially covered in iridescent scales. (AC +2)
Your muscles are strong. (Str +2)


Message History

The iguana is severely wounded.
The iguana closely misses you.
You hit the iguana but do no damage.
The iguana is severely wounded.
The iguana bites you!
You miss the iguana.
The iguana is severely wounded.
The iguana barely misses you.
Unknown command.
You miss the iguana.
The iguana is severely wounded.
The iguana closely misses you.
You closely miss the iguana.
The iguana is severely wounded.
The iguana bites you!
You barely miss the iguana. Your punch misses the iguana.
The iguana is severely wounded.
The iguana barely misses you.
You hit the iguana. You freeze the iguana.
You kill the iguana!
You start resting.
Xom snickers.
Your eyebrows wriggle.
You start resting.
You hear Xom's maniacal laughter.
You are now a plaything of Xom.
There are monsters nearby!
There are monsters nearby!
There are monsters nearby!
There are monsters nearby!
There are monsters nearby!
The sixfirhy hits you but does no damage.
The sixfirhy misses you. The sixfirhy hits you. The sixfirhy shocks you!
The sixfirhy closely misses you. The sixfirhy hits you!
The sixfirhy shocks you!
* * * LOW HITPOINT WARNING * * *
The sixfirhy hits you.
* * * LOW HITPOINT WARNING * * *
The sixfirhy shocks you!
You die... "It was about time."

#.# ## #.# #.
#.# #.##
#.#.#...
#.#.#..####
#.#..#!#.<#
{#.#..._...#
#@#.##.#..#
#3#.#..####..
#.#5#.........
#..5....(...##
###5.../......
.............
##############


You could see a sixfirhy (summoned).

Vanquished Creatures
  A basilisk (shapeshifter) (D:3)
  A hound (D:4)
  An iguana (D:4)
  3 adders (D:2)
  3 dart slugs
  2 orcs (D:3)
  6 endoplasms
  5 giant cockroaches
  4 goblins
  6 hobgoblins
  4 jackals (D:1)
  11 kobolds
  A quokka (D:1)
  8 ball pythons
  5 bats
  7 frilled lizards
  4 rats
72 creatures vanquished.

Notes
Turn   | Place    | Note
-------+----------+-------------------------------------------
     0 | D:1      | oldriver the Formicid Chaos Knight began the quest for the
                  | Orb.
     0 | D:1      | Reached XP level 1. HP: 18/18 MP: 1/1
    27 | D:1      | Reached skill level 1 in Dodging
    82 | D:1      | Reached XP level 2. HP: 20/24 MP: 2/2
   163 | D:1      | XOM: noise
   523 | D:1      | XOM: potion effect (curing)
   528 | D:1      | Reached XP level 3. HP: 27/30 MP: 3/3
   552 | D:1      | XOM: smoke on damage
   734 | D:1      | XOM: silly message
  1162 | D:2      | XOM: noise
  1339 | D:2      | Reached XP level 4. HP: 28/37 MP: 4/4
  1340 | D:2      | Reached skill level 4 in Fighting
  1350 | D:2      | XOM: noise
  1376 | D:2      | XOM: give mutations
  1376 | D:2      | Gained mutation: You are partially covered in iridescent
                  | scales. (AC +2) [Xom's grace]
  1376 | D:2      | Gained mutation: Your muscles are strong. (Str +2) [Xom's
                  | grace]
  1443 | D:2      | Found a blossoming altar of Fedhas.
  1500 | D:2      | Found a faded altar of an unknown god.
  1588 | D:2      | Identified the +6 dagger of Wunnas {holy, rCorr SInv}
  1883 | D:2      | XOM: silly message
  2234 | D:3      | Found a stormy altar of Qazlal.
  2267 | D:3      | Noticed a shapeshifter
  2267 | D:3      | a hobgoblin changed into a shapeshifter
  2267 | D:3      | Noticed a basilisk
  2267 | D:3      | a shapeshifter changed into a basilisk
  2283 | D:3      | XOM: silly message
  2285 | D:3      | XOM: swap monsters
  2289 | D:3      | Killed a basilisk
  2290 | D:3      | Reached XP level 5. HP: 9/43 MP: 5/5
  2290 | D:3      | Reached XP level 6. HP: 11/50 MP: 6/6
  2849 | D:3      | Reached skill level 5 in Fighting
  3092 | D:4      | Found a bloodstained altar of Trog.
  3168 | D:4      | XOM: silly message
  3215 | D:4      | XOM: summons 4 hostile demons
  3216 | D:4      | Noticed a sixfirhy
  3221 | D:4      | Slain by a sixfirhy

Illustrated notes

Levels and vault maps discovered:
D:1:      dpeg_arrival_long_road, layout_loops_cross, serial_forest,
          infiniplex_forest_straight_3, infiniplex_forest_clump_C,
          infiniplex_forest_clump_small, infiniplex_forest_lined_room_2
D:2:      layout_loops_ring, basic_altar, basic_ecumenical_altar, fountainhead,
          ebering_dispersal_statue_hall, kennysheep_generic_room_10
D:3:      layout_loops_cross, mainiacjoe_overflow_brackets
D:4:      minmay_razor_zed, layout_basic, lemuel_crystal_altar, uniq_edmund

Skill      XL: |  1  2  3  4  5  6 |
---------------+-------------------+-----
Dodging        | 1 3 |  3.3
Fighting       | 4 5 |  5.1
Axes           | 4 |  4.6
Armour         | |  2.1

Action                   |  1- 3 |  4- 6 || total
-------------------------+-------+-------++-------
Melee: Hand axe          |   106 |   119 ||   225
       Punch             |       |     2 ||     2
  Use: Potion            |       |     2 ||     2
 Stab: Distracted        |     1 |       ||     1
       Paralysed         |     2 |       ||     2
       Confused          |     1 |       ||     1
Armor: Leather armour    |    27 |    35 ||    62
Dodge: Dodged            |    71 |    82 ||   153

Table legend: (Time is in decaauts)
 A = Elapsed time spent in this place.
 B = Non-inter-level travel time spent in this place.
 C = Inter-level travel time spent in this place.
 D = Time resting spent in this place.
 E = Time spent auto-exploring this place.
 F = Levels seen in this place.
 G = Mean time per level.
                   A        B        C        D        E       F      G
               +--------+--------+--------+--------+--------+-----+--------+
         Total |   3249 |   3161 |     88 |    499 |   2119 |   4 |  812.2 |
       Dungeon |   3249 |   3161 |     88 |    499 |   2119 |   4 |  812.2 |
               +--------+--------+--------+--------+--------+-----+--------+

Top non-repeatable levels by time:
     D:2: 1043 daAuts
     D:3: 1042 daAuts
     D:1: 1033 daAuts
     D:4: 129 daAuts
